 Dungeon Crawl Stone Soup version 0.26-a0-639-g72c4674329 (webtiles) character file.

Game seed: 13299445249618994276

1 Apogee the Chiller (level 1, 12/13 HPs)
             Began as a Merfolk Ice Elementalist on Sept 25, 2020.
             Quit the game on level 1 of the Dungeon.
             The game lasted 00:00:13 (67 turns).

Apogee the Chiller (Merfolk Ice Elementalist)         Turns: 67, Time: 00:00:13

Health: 12/13      AC:  2    Str:  8    XL:     1   Next: 20%
Magic:  1/3        EV: 13    Int: 14    God:
Gold:   7          SH:  0    Dex: 14    Spells: 3/4 levels left

rFire    . . .     SeeInvis .   (no weapon)
rCold    . . .     Faith    .   (no shield)
rNeg     . . .     Spirit   .   a - +0 robe
rPois    .         Reflect  .   (no helmet)
rElec    .         Harm     .   (no cloak)
rCorr    .         Rampage  .   (no gloves)
MR       .....                  (no boots)
Stlth    ++........             (no amulet)
HPRegen  0.04/turn              (no ring)
MPRegen  0.08/turn              (no ring)

@: very slightly contaminated
A: change form in water, swift swim, stealthy swim
a: no special abilities


You were on level 1 of the Dungeon.
You visited 1 branch of the dungeon, and saw 1 of its levels.

You collected 7 gold pieces.

Inventory:

Armour
 a - a +0 robe (worn)


   Skills:
 + Level 2.7 Dodging
 + Level 2.2 Stealth
 + Level 2.0 Spellcasting
 + Level 4.4 Ice Magic


You had 3 spell levels left.
You knew the following spells:

 Your Spells              Type           Power        Failure   Level
a - Freeze                Ice            ##..         4%          1

Your spell library contained the following spells:

 Spells                   Type           Power        Failure   Level
 Frozen Ramparts          Ice            ##....       12%         3
 Ozocubu's Armour         Ice            ##......     12%         3
 Hailstorm                Conj/Ice       #.......     67%         4
 Summon Ice Beast         Ice/Summ       #.......     67%         4


Dungeon Overview and Level Annotations

Branches:
Dungeon (1/15)

Altars:


Message History

Options error: Bad channel -- pray (~/.crawlrc:4440) Options error: Bad channel -- food (~/.crawlrc:4443) Welcome, Apogee the Merfolk Ice Elementalist.
It is said that the Orb of Zot exists deep within this dungeon.
Found a staircase leading out of the dungeon.
You open the door.
Found 7 gold pieces.
There is an open door here.
Found a dagger.
You open the door.
There is an open door here.
You now have 7 gold pieces.
There is an open door here.
You open the door.
There is an open door here.
A rat comes into view.
A rat is nearby!
You can't see any susceptible monsters within range! (Use Z to cast anyway.) Unknown command.
Found 16 gold pieces.
Aim: a rat (asleep)
You freeze the rat!
You kill the rat!
Found a ring mail.
A kobold comes into view.
Found a leather armour.
You see here 16 gold pieces.
A kobold is nearby!
A kobold is nearby!
The kobold shouts!
The kobold hits you.
Aim: a kobold, quivering 3 stones You miscast Freeze.
You are very lightly contaminated with residual magic.
Nothing appears to happen.
The kobold hits you but does no damage.
Aim: a kobold, quivering 3 stones You freeze the kobold.
You kill the kobold!
A kobold comes into view. It is wielding a +0 dagger.

#.####.#### #...
...####.####.# ###+#
........[..#.#####....
...####.##.#.#...#....
###.##.#.#.8.'..8.
#.$......#...#....
#.####.#######.... #.#
# ###'# #@# #...
K.....(......# #.<.
##...##........ #...
#.. #.####### #### #.
#[. # ###


You could see a kobold (wandering).

Vanquished Creatures
  A kobold (D:1)
  A rat (D:1)
2 creatures vanquished.

Notes
Turn   | Place    | Note
-------+----------+-------------------------------------------
     0 | D:1      | Apogee the Merfolk Ice Elementalist began the quest for the
                  | Orb.
     0 | D:1      | Reached XP level 1. HP: 13/13 MP: 3/3
    67 | D:1      | Quit the game

Illustrated notes

Levels and vault maps discovered:
D:1:      minmay_arrival_stair_chambers, layout_basic

Action                   || total
-------------------------++-------
 Cast: Freeze            ||     2
Armor: Robe              ||     1

Table legend: (Time is in decaauts)
 A = Elapsed time spent in this place.
 B = Non-inter-level travel time spent in this place.
 C = Inter-level travel time spent in this place.
 D = Time resting spent in this place.
 E = Time spent auto-exploring this place.
 F = Levels seen in this place.
 G = Mean time per level.
                   A        B        C        D        E       F      G
               +--------+--------+--------+--------+--------+-----+--------+
         Total |     67 |     67 |      0 |      0 |     54 |   1 |   67.0 |
       Dungeon |     67 |     67 |      0 |      0 |     54 |   1 |   67.0 |
               +--------+--------+--------+--------+--------+-----+--------+

Top non-repeatable levels by time:
     D:1: 67 daAuts
